[ AOE2 MATCH · #482891162 ]
1v1 RMBerbers vs Inca
Player's team · LOSS
Rival team · WIN
[ REPLAY ANALYSIS · EXTRACTED FROM THE RECORDED GAME ]
Feudal
10:42
Castle
25:21
Imperial
—
| APM avg | 28.5 |
| APM peak | 73 |
| eAPM avg | 15.4 |
| Villagers / military | 80 / 65 |
Focus
⚔️ 25.9% · 🌾 74.1%
Cavalry Archer ×22 · Skirmisher ×20 · Scout Cavalry ×10 · Knight ×9 · Camel Archer ×4
Feudal
9:54
Castle
24:58
Imperial
45:57
| APM avg | 40.7 |
| APM peak | 90 |
| eAPM avg | 21.5 |
| Villagers / military | 118 / 105 |
Focus
⚔️ 37.0% · 🌾 63.0%
Unknown (2550) ×53 · Spearman ×37 · Skirmisher ×25 · Kamayuk ×21 · Archer ×19 · Mangonel ×3
Match map
Initial resources + every placement click. Lines = walls · curves = elevation contours. ◆ gold · ⬟ stone · ● berries · ✦ relic · ◌ wall gap
Your base· Open — unwalled flank
Barito56's base· Open — unwalled flank
Smoothed initial terrain · ◌ = detected wall gap · hover for details
Inputs per minute
— Fujichan - - Barito56
Build order — Fujichan
First 150 of 232 actions detected
| 0:00 | Create | Villager (Male) |
| 0:00 | Create | Villager (Male) |
| 0:01 | Create | Villager (Male) |
| 0:11 | Build | House |
| 0:20 | Research | Loom |
| 0:20 | Create | Villager (Male) |
| 0:20 | Create | Villager (Male) |
| 0:21 | Create | Villager (Male) |
| 2:13 | Create | Villager (Male) |
| 2:19 | Build | House |
| 3:05 | Create | Villager (Male) |
| 3:18 | Create | Villager (Male) |
| 3:27 | Create | Villager (Male) |
| 5:00 | Create | Villager (Male) |
| 5:01 | Create | Villager (Male) |
| 5:01 | Create | Villager (Male) |
| 5:02 | Create | Villager (Male) |
| 5:02 | Create | Villager (Male) |
| 5:24 | Build | House |
| 6:01 | Create | Villager (Male) |
| 6:27 | Build | Mill |
| 7:00 | Create | Villager (Male) |
| 7:00 | Create | Villager (Male) |
| 7:24 | Build | Lumber Camp |
| 7:57 | Create | Villager (Male) |
| 7:57 | Create | Villager (Male) |
| 7:57 | Create | Villager (Male) |
| 8:01 | Build | House |
| 8:03 | Build | House |
| 8:30 | Research | Feudal Age |
| 9:41 | Build | Barracks |
| 10:42 | Age | Feudal Age |
| 10:44 | Build | Stable |
| 11:03 | Create | Villager (Male) |
| 11:04 | Create | Villager (Male) |
| 11:04 | Create | Villager (Male) |
| 11:15 | Build | Mining Camp |
| 11:43 | Create | Scout Cavalry |
| 11:43 | Create | Scout Cavalry |
| 11:43 | Create | Scout Cavalry |
| 11:48 | Create | Scout Cavalry |
| 11:53 | Build | Mill |
| 12:16 | Create | Villager (Male) |
| 12:17 | Create | Villager (Male) |
| 12:35 | Build | House |
| 12:42 | Build | House |
| 12:45 | Research | Bloodlines |
| 12:55 | Build | Blacksmith |
| 13:02 | Create | Villager (Male) |
| 13:03 | Create | Villager (Male) |
| 13:52 | Research | Wheelbarrow |
| 13:56 | Create | Villager (Male) |
| 13:57 | Research | Forging |
| 14:55 | Create | Scout Cavalry |
| 14:56 | Create | Scout Cavalry |
| 15:14 | Create | Villager (Male) |
| 15:24 | Build | Archery Range |
| 15:27 | Build | Farm |
| 15:28 | Build | Farm |
| 15:29 | Build | Farm |
| 15:31 | Build | Farm |
| 15:32 | Build | Farm |
| 15:46 | Create | Scout Cavalry |
| 15:58 | Create | Skirmisher |
| 16:05 | Create | Skirmisher |
| 16:42 | Create | Villager (Male) |
| 16:43 | Create | Villager (Male) |
| 16:50 | Build | Market |
| 16:54 | Build | Mining Camp |
| 17:18 | Build | Farm |
| 17:26 | Build | Farm |
| 17:28 | Build | Farm |
| 17:30 | Create | Villager (Male) |
| 17:47 | Create | Scout Cavalry |
| 18:00 | Build | Farm |
| 18:10 | Create | Villager (Male) |
| 18:17 | Build | House |
| 18:18 | Build | House |
| 18:19 | Build | House |
| 18:27 | Research | Scale Barding Armor |
| 18:33 | Create | Scout Cavalry |
| 18:40 | Create | Skirmisher |
| 18:45 | Build | Farm |
| 18:59 | Research | Fletching |
| 19:14 | Create | Skirmisher |
| 19:29 | Create | Skirmisher |
| 19:31 | Create | Villager (Male) |
| 19:34 | Build | Farm |
| 19:36 | Build | House |
| 19:37 | Build | House |
| 19:37 | Build | House |
| 19:42 | Research | Double-Bit Axe |
| 20:06 | Create | Skirmisher |
| 20:34 | Build | Mill |
| 20:54 | Build | House |
| 20:55 | Build | House |
| 20:56 | Build | House |
| 21:01 | Build | Palisade Wall |
| 21:12 | Create | Skirmisher |
| 21:12 | Create | Skirmisher |
| 22:07 | Build | Farm |
| 22:08 | Build | Farm |
| 22:10 | Build | Farm |
| 22:13 | Build | Farm |
| 22:41 | Research | Castle Age |
| 23:38 | Research | Horse Collar |
| 23:54 | Create | Skirmisher |
| 23:54 | Create | Skirmisher |
| 24:26 | Create | Scout Cavalry |
| 24:35 | Research | Padded Archer Armor |
| 24:38 | Create | Skirmisher |
| 24:38 | Create | Skirmisher |
| 25:21 | Age | Castle Age |
| 25:52 | Build | Town Center |
| 26:06 | Build | Town Center |
| 26:14 | Build | Farm |
| 26:25 | Create | Villager (Male) |
| 26:25 | Create | Villager (Male) |
| 26:26 | Create | Villager (Male) |
| 26:26 | Create | Villager (Male) |
| 26:27 | Create | Villager (Male) |
| 27:10 | Create | Knight |
| 27:31 | Create | Villager (Male) |
| 27:31 | Create | Villager (Male) |
| 27:35 | Create | Knight |
| 27:37 | Research | Husbandry |
| 27:52 | Create | Villager (Male) |
| 27:53 | Create | Villager (Male) |
| 27:53 | Create | Villager (Male) |
| 27:57 | Create | Knight |
| 28:19 | Create | Knight |
| 28:24 | Create | Skirmisher |
| 28:24 | Create | Skirmisher |
| 28:29 | Create | Villager (Male) |
| 28:29 | Create | Villager (Male) |
| 28:40 | Build | Farm |
| 28:43 | Build | Farm |
| 28:46 | Create | Knight |
| 28:52 | Build | Stable |
| 29:22 | Build | Monastery |
| 29:27 | Create | Villager (Male) |
| 29:27 | Create | Villager (Male) |
| 29:28 | Create | Villager (Male) |
| 29:58 | Research | Elite Skirmisher (upgrade) |
| 30:00 | Research | Bodkin Arrow |
| 30:09 | Build | Farm |
| 30:11 | Create | Villager (Male) |
| 30:31 | Create | Knight |
| 30:58 | Research | Town Watch |
| 30:59 | Create | Villager (Male) |
Build order — Barito56
First 150 of 393 actions detected
| 0:00 | Create | Villager (Male) |
| 0:01 | Create | Villager (Male) |
| 0:02 | Build | House |
| 0:08 | Build | House |
| 0:54 | Create | Villager (Male) |
| 0:54 | Create | Villager (Male) |
| 0:54 | Create | Villager (Male) |
| 1:26 | Create | Villager (Male) |
| 2:01 | Create | Villager (Male) |
| 2:01 | Create | Villager (Male) |
| 2:18 | Build | Settlement |
| 2:26 | Create | Villager (Male) |
| 2:49 | Create | Villager (Male) |
| 3:03 | Create | Villager (Male) |
| 3:03 | Create | Villager (Male) |
| 3:36 | Create | Villager (Male) |
| 4:20 | Create | Villager (Male) |
| 4:21 | Create | Villager (Male) |
| 4:21 | Create | Villager (Male) |
| 4:38 | Create | Villager (Male) |
| 4:38 | Create | Villager (Male) |
| 5:24 | Create | Villager (Male) |
| 5:24 | Create | Villager (Male) |
| 5:24 | Create | Villager (Male) |
| 5:25 | Create | Villager (Male) |
| 5:40 | Build | Settlement |
| 6:59 | Research | Loom |
| 7:44 | Research | Feudal Age |
| 8:23 | Create | Villager (Male) |
| 8:23 | Create | Villager (Male) |
| 8:36 | Build | Barracks |
| 9:01 | Build | Farm |
| 9:45 | Build | Palisade Wall |
| 9:54 | Age | Feudal Age |
| 10:08 | Build | Archery Range |
| 10:23 | Research | Double-Bit Axe |
| 10:27 | Create | Villager (Male) |
| 10:27 | Create | Villager (Male) |
| 10:48 | Create | Spearman |
| 11:01 | Create | Archer |
| 11:01 | Create | Archer |
| 11:01 | Create | Archer |
| 11:09 | Build | Palisade Wall |
| 11:13 | Create | Villager (Male) |
| 11:13 | Create | Villager (Male) |
| 11:26 | Build | Farm |
| 11:30 | Build | Farm |
| 11:47 | Create | Villager (Male) |
| 12:10 | Create | Archer |
| 12:31 | Build | Blacksmith |
| 12:44 | Create | Archer |
| 12:52 | Create | Villager (Male) |
| 12:52 | Create | Villager (Male) |
| 12:53 | Create | Villager (Male) |
| 12:53 | Create | Villager (Male) |
| 12:53 | Create | Villager (Male) |
| 12:53 | Create | Villager (Male) |
| 13:13 | Build | Farm |
| 13:17 | Research | Fletching |
| 13:26 | Create | Archer |
| 13:27 | Create | Archer |
| 13:31 | Research | Scale Mail Armor |
| 13:38 | Build | Palisade Wall |
| 13:41 | Build | Palisade Gate |
| 14:30 | Create | Spearman |
| 15:01 | Create | Archer |
| 15:01 | Create | Archer |
| 15:01 | Create | Archer |
| 15:03 | Create | Spearman |
| 15:06 | Create | Villager (Male) |
| 15:06 | Create | Villager (Male) |
| 15:07 | Create | Villager (Male) |
| 15:35 | Create | Villager (Male) |
| 15:35 | Create | Villager (Male) |
| 15:42 | Build | Archery Range |
| 16:04 | Create | Archer |
| 16:05 | Create | Archer |
| 16:05 | Create | Archer |
| 16:52 | Create | Spearman |
| 17:00 | Create | Villager (Male) |
| 17:00 | Create | Villager (Male) |
| 17:07 | Build | House |
| 17:08 | Build | House |
| 17:34 | Build | Farm |
| 17:35 | Build | Farm |
| 17:40 | Build | Farm |
| 17:41 | Build | Farm |
| 17:43 | Build | Farm |
| 17:47 | Build | Farm |
| 17:48 | Build | Farm |
| 17:52 | Build | Farm |
| 17:59 | Create | Archer |
| 17:59 | Create | Archer |
| 18:01 | Create | Archer |
| 18:01 | Create | Archer |
| 18:08 | Build | House |
| 18:13 | Research | Padded Archer Armor |
| 18:17 | Create | Villager (Male) |
| 18:18 | Create | Villager (Male) |
| 18:28 | Build | Barracks |
| 19:01 | Create | Villager (Male) |
| 19:01 | Create | Villager (Male) |
| 19:06 | Build | Palisade Wall |
| 19:08 | Build | Palisade Gate |
| 19:12 | Create | Archer |
| 19:12 | Create | Archer |
| 19:16 | Create | Villager (Male) |
| 19:16 | Create | Villager (Male) |
| 19:19 | Build | Farm |
| 19:23 | Build | Farm |
| 19:28 | Build | Farm |
| 19:33 | Build | Farm |
| 19:34 | Build | Farm |
| 20:02 | Create | Villager (Male) |
| 20:07 | Build | Farm |
| 20:11 | Build | Farm |
| 20:16 | Build | House |
| 20:17 | Build | House |
| 22:18 | Research | Castle Age |
| 22:37 | Build | Settlement |
| 23:01 | Build | House |
| 23:02 | Build | House |
| 23:57 | Create | Villager (Male) |
| 24:37 | Build | Palisade Wall |
| 24:58 | Age | Castle Age |
| 25:08 | Build | Town Center |
| 25:18 | Research | Tech 1402 |
| 25:19 | Research | Squires |
| 25:26 | Create | Villager (Male) |
| 25:26 | Create | Villager (Male) |
| 25:26 | Create | Villager (Male) |
| 25:30 | Build | Barracks |
| 26:30 | Create | Villager (Male) |
| 26:30 | Create | Villager (Male) |
| 26:39 | Build | Town Center |
| 26:50 | Research | Tech 1351 |
| 26:53 | Create | Unit 2550 |
| 26:53 | Create | Unit 2550 |
| 26:53 | Create | Unit 2550 |
| 26:53 | Create | Unit 2550 |
| 26:54 | Create | Unit 2550 |
| 26:54 | Create | Unit 2550 |
| 26:54 | Create | Unit 2550 |
| 26:54 | Create | Unit 2550 |
| 27:06 | Research | Pikeman (upgrade) |
| 27:08 | Create | Spearman |
| 27:08 | Create | Spearman |
| 27:08 | Create | Spearman |
| 27:08 | Create | Spearman |
| 27:20 | Build | Farm |
Match timeline
| 8:36 | Barito56 · first_building Barracks |
| 9:41 | Fujichan · first_building Barracks |
| 9:45 | Barito56 · wall_segment Palisade Wall x7 |
| 9:54 | Barito56 · age_up feudal |
| 10:08 | Barito56 · first_building Archery Range |
| 10:42 | Fujichan · age_up feudal |
| 10:44 | Fujichan · first_building Stable |
| 11:09 | Barito56 · wall_segment Palisade Wall x4 |
| 13:38 | Barito56 · wall_segment Palisade Wall x7 |
| 15:24 | Fujichan · first_building Archery Range |
| 18:25 | Fujichan · first_market_buy 100 food |
| 19:06 | Barito56 · wall_segment Palisade Wall x8 |
| 21:01 | Fujichan · wall_segment Palisade Wall x1 |
| 24:37 | Barito56 · wall_segment Palisade Wall x8 |
| 24:58 | Barito56 · age_up castle |
| 25:21 | Fujichan · age_up castle |
| 25:47 | Fujichan · first_market_sell 100 stone |
| 29:22 | Fujichan · first_building Monastery |
| 31:39 | Barito56 · first_building Siege Workshop |
| 32:34 | Fujichan · first_building Castle |
| 37:01 | Barito56 · first_building Castle |
| 45:57 | Barito56 · age_up imperial |
| 46:05 | Fujichan · resign |
[ AI ANALYSIS · 1 CREDIT ]
What really happened in this match?
Wolo.gg analyzes every decision: build order, eco, micro, common mistakes by bracket. Personalized analysis on WhatsApp or Discord in 30 seconds.
Civ guide
Berbers
Map guide
Border Dispute
Perfil
Jugador #962806